 Dungeon Crawl Stone Soup version 0.22.1-1-ga44c0e5 (webtiles) character file.

6072 HoaS the Fighter (level 10, -16/68 HPs)
             Began as a Gargoyle Fighter on Oct 6, 2018.
             Was an Elder of Okawaru.
             Demolished by a two-headed ogre
             ... wielding a +0 giant club
              (24 damage)
             ... on level 9 of the Dungeon on Oct 7, 2018.
             The game lasted 00:31:39 (8242 turns).

HoaS the Fighter (Gargoyle Fighter)                 Turns: 8242, Time: 00:31:39

Health: -16/68     AC: 20    Str: 23    XL:     10   Next: 87%
Magic:  13/13      EV:  8    Int:  9    God:    Okawaru [****..]
Gold:   551        SH: 12    Dex:  9    Spells: 9/9 levels left

rFire    . . .     SeeInvis .   D - +1 morningstar (venom)
rCold    + . .     Gourm    .   c - +1 shield
rNeg     + . .     Faith    .   C - +3 scale mail {rC+}
rPois    ∞         Spirit   .   g - +0 helmet
rElec    +         Reflect  .   (no cloak)
rCorr    .         Harm     .   (no gloves)
MR       .....                  o - +0 pair of boots
Stlth    ..........             (no amulet)
HPRegen  0.21/turn              (no ring)
MPRegen  0.13/turn              (no ring)

@: no status effects
A: negative energy resistance 1, electricity resistance, unbreathing,
petrification resistance, rot immunity, AC +7
a: Heroism, Renounce Religion


You were on level 9 of the Dungeon.
You worshipped Okawaru.
Okawaru was greatly pleased with you.
You were not hungry.

You visited 2 branches of the dungeon, and saw 10 of its levels.
You also visited: Ossuary.

You collected 950 gold pieces.
You spent 399 gold pieces at shops.

Inventory:

Hand Weapons
 a - a +2 morningstar
 D - a +1 morningstar of venom (weapon)
Armour
 b - a +0 plate armour
 c - a +1 shield (worn)
 g - a +0 helmet (worn)
 o - a +0 pair of boots (worn)
 C - a +3 scale mail of cold resistance (worn)
Wands
 j - a wand of flame (61)
 u - a wand of iceblast (10)
 y - a wand of random effects (36)
 z - a wand of disintegration (15)
Scrolls
 d - a scroll of amnesia
 e - 2 scrolls of identify
 h - 9 scrolls of teleportation
 i - 2 scrolls of silence
 l - 2 scrolls of immolation
 t - 10 scrolls of remove curse
 w - a scroll of blinking
Potions
 m - 3 potions of curing
 n - 2 potions of mutation
 p - a potion of heal wounds
 q - 4 potions of flight
 r - a potion of berserk rage
 s - a potion of ambrosia
 x - 2 potions of cancellation
 A - a potion of agility
Comestibles
 f - 9 rations


   Skills:
 * Level 10.1 Fighting
 * Level 9.5 Maces & Flails
 + Level 7.5 Armour
 + Level 7.6 Shields
 + Level 4.5 Invocations


You had 9 spell levels left.
You didn't know any spells.
Your spell library contained the following spells:

 Spells                   Type           Power        Failure   Level  Hunger
 Magic Dart               Conj           #...         94%         1    ##.....
 Sting                    Conj/Pois      #...         94%         1    ##.....
 Blink                    Tloc           N/A          98%         2    ###....
 Call Imp                 Summ           #.......     98%         2    ###....
 Poisonous Vapours        Pois/Air       #.....       98%         2    ###....
 Slow                     Hex            #.......     98%         2    ###....
 Conjure Flame            Conj/Fire      #.......     100%        3    ####...
 Mephitic Cloud           Conj/Pois/Air  #.......     100%        3    ####...
 Olgreb's Toxic Radiance  Pois           #.......     100%        4    #####..
 Venom Bolt               Conj/Pois      #.........   100%        5    ######.


Dungeon Overview and Level Annotations

Branches:
Dungeon (9/15)             Temple (1/1) D:6            Lair (0/6) D:8
    Orc: D:9-12

Altars:
Ashenzari
Cheibriados
Dithmenos
Elyvilon
Fedhas
Gozag
Hepliaklqana
Kikubaaqudgha
Makhleb
Nemelex Xobeh
Okawaru
Qazlal
Ru
Sif Muna
Trog
Uskayaw
Vehumet
Wu Jian
Xom
Zin
The Shining One

Shops:
D:5 *   D:6 ?   D:8 :


Innate Abilities, Weirdness & Mutations

You are resistant to torment.
Your stone body is resilient. (AC +7)
You are immune to poison.
You resist negative energy. (rN+)
You are resistant to electric shocks. (rElec)
You can survive without breathing.
You are immune to petrification.
You are immune to rotting.


Message History

* * * LOW HITPOINT WARNING * * *
You block the two-headed ogre's attack.
You hit the two-headed ogre.
The two-headed ogre looks as sick as possible!
The two-headed ogre is severely wounded.
The two-headed ogre completely misses you.
The two-headed ogre hits you with an enchanted dire flail!
* * * LOW HITPOINT WARNING * * *
You hit the two-headed ogre.
The two-headed ogre looks as sick as possible!
The two-headed ogre is severely wounded.
You block the two-headed ogre's attack.
The two-headed ogre hits you but does no damage.
You completely miss the two-headed ogre.
The two-headed ogre is almost dead.
The two-headed ogre hits you but does no damage. x2
You barely miss the two-headed ogre.
The two-headed ogre is almost dead.
The two-headed ogre hits you with a giant club!!
You die...

#.# #.#
#.# #.#
#.# #.#
#.# #.#
#.# #.#
#.# #.#
#.#
#.#####.#
#....O@.#
#.#####.#
###


You could see a two-headed ogre.

Vanquished Creatures
  Erolcha (D:9)
  An unseen horror (D:8)
  Joseph (D:7)
  The ghost of Jaiteiro the Thaumaturge, a novice SpEE of Sif Muna (D:6)
  Prince Ribbit (D:9)
  Sigmund (D:5)
  A hungry ghost (D:8)
  A water moccasin (D:7)
  An ice beast (D:6)
  2 sky beasts (D:8)
  4 centaurs
  2 ogres
  A big kobold (D:6)
  5 bullfrogs
  A water moccasin zombie (Ossuary)
  6 scorpions
  4 wights (D:8)
  5 howler monkeys
  A vampire bat (D:4)
  A crimson imp (D:8)
  A centaur zombie (Ossuary)
  6 bullfrog zombies
  A quasit (D:5)
  A jelly (D:7)
  6 orc wizards
  2 hounds
  3 orc priests
  A bullfrog skeleton (D:9)
  A centaur skeleton (D:4)
  Terence (D:3)
  Natasha (twice) (D:2)
  9 worker ants
  2 iguanas (D:5)
  2 hound zombies (Ossuary)
  A hound skeleton (D:8)
  14 mummies (Ossuary)
  2 howler monkey zombies (Ossuary)
  5 worker ant zombies (Ossuary)
  Robin (D:3)
  11 adders
  4 gnolls
  2 shadow imps
  2 oozes (D:1)
  2 adder zombies
  2 adder skeletons
  5 dart slugs
  2 worms
  5 leopard geckos
  21 orcs
  5 giant cockroaches
  20 goblins
  12 hobgoblins
  5 jackals
  14 kobolds
  4 quokkas
  2 ball pythons (D:2)
  13 bats
  6 frilled lizards
  A giant cockroach zombie (Ossuary)
  A jackal zombie (Ossuary)
  2 leopard gecko zombies
  A quokka skeleton (D:5)
  4 quokka zombies
  5 rats
253 creatures vanquished.

Vanquished Creatures (others)
  An orc priest (D:4)
  A hound (D:4)
  A centaur skeleton (D:4)
  An iguana (D:4)
  An adder (D:4)
  A quokka (D:4)
  A frilled lizard (D:4)
7 creatures vanquished.

Grand Total: 260 creatures vanquished

Notes
Turn   | Place    | Note
-------+----------+-------------------------------------------
     0 | D:1      | HoaS the Gargoyle Fighter began the quest for the Orb.
     0 | D:1      | Reached XP level 1. HP: 14/14 MP: 1/1
   187 | D:1      | Reached XP level 2. HP: 19/19 MP: 2/2
   437 | D:1      | Reached XP level 3. HP: 22/23 MP: 3/3
   639 | D:2      | Noticed Natasha
   656 | D:2      | Killed Natasha
   656 | D:2      | Reached XP level 4. HP: 11/29 MP: 4/4
   893 | D:2      | Noticed Natasha
   901 | D:2      | Killed Natasha
  1035 | D:2      | Reached skill level 4 in Fighting
  1152 | D:2      | Reached XP level 5. HP: 32/33 MP: 5/5
  1710 | D:3      | Reached XP level 6. HP: 3/39 MP: 6/6
  2107 | D:3      | Noticed Robin
  2146 | D:3      | Killed Robin
  2783 | D:3      | Noticed Terence
  2795 | D:3      | Killed Terence
  2795 | D:3      | Reached skill level 5 in Maces & Flails
  2876 | D:4      | Reached skill level 5 in Fighting
  2911 | D:4      | Reached XP level 7. HP: 38/44 MP: 7/7
  3465 | D:4      | Found a shimmering altar of Xom.
  3484 | D:4      | Reached skill level 6 in Fighting
  3830 | D:5      | Entered Level 5 of the Dungeon
  3837 | D:5      | Found a sand-covered staircase.
  3851 | Ossuary  | Entered an ossuary
  3861 | Ossuary  | Reached XP level 8. HP: 51/51 MP: 8/8
  3990 | Ossuary  | Reached skill level 5 in Armour
  4007 | Ossuary  | Reached skill level 5 in Shields
  4285 | Ossuary  | Reached skill level 7 in Fighting
  4451 | D:5      | Identified a scroll of acquirement
  4647 | D:5      | Found an opulent altar of Gozag.
  4649 | D:5      | Noticed Sigmund
  4673 | D:5      | Killed Sigmund
  4673 | D:5      | Reached XP level 9. HP: 47/57 MP: 9/9
  4701 | D:5      | Found Gozag's Platinum Reserve.
  5197 | D:6      | Found a staircase to the Ecumenical Temple.
  5215 | Temple   | Entered the Ecumenical Temple
  5316 | Temple   | Became a worshipper of Warmaster Okawaru
  5432 | D:6      | Found Useuwineg's Magic Scroll Shoppe.
  5440 | D:6      | Bought a scroll of remove curse for 42 gold pieces
  5440 | D:6      | Bought a scroll of identify for 28 gold pieces
  5440 | D:6      | Bought a scroll of silence for 105 gold pieces
  5440 | D:6      | Bought a scroll of remove curse for 42 gold pieces
  5440 | D:6      | Bought 3 scrolls of teleportation for 126 gold pieces
  5440 | D:6      | Bought a scroll of identify for 28 gold pieces
  5440 | D:6      | Bought a scroll of identify for 28 gold pieces
  5631 | D:6      | Reached skill level 1 in Invocations
  5667 | D:6      | Reached skill level 8 in Fighting
  5726 | D:6      | Found a large runed door.
  5727 | D:6      | Found a large runed door.
  5730 | D:6      | Noticed Jaiteiro's ghost (novice SpEE)
  5746 | D:6      | Killed Jaiteiro's ghost
  5746 | D:6      | Reached * piety under Okawaru
  6186 | D:7      | Got a jewelled spear
  6347 | D:7      | Noticed Joseph
  6388 | D:7      | Killed Joseph
  6478 | D:7      | Reached XP level 10. HP: 32/65 MP: 12/12
  6539 | D:7      | Found an ornate altar of the Wu Jian Council.
  6539 | D:7      | Found a glowing silver altar of Zin.
  6724 | D:6      | Reached skill level 9 in Fighting
  6777 | D:7      | Found a burning altar of Makhleb.
  6781 | D:7      | Found a bloodstained altar of Trog.
  6781 | D:7      | Found a blossoming altar of Fedhas.
  6781 | D:7      | Found a hide-covered altar of Uskayaw.
  6782 | D:7      | Found a shattered altar of Ashenzari.
  6783 | D:7      | Found a deep blue altar of Sif Muna.
  6784 | D:7      | Found a shimmering altar of Xom.
  6786 | D:7      | Found a sacrificial altar of Ru.
  7068 | D:8      | Reached ** piety under Okawaru
  7183 | D:8      | Got a translucent ring mail
  7185 | D:8      | Identified the +2 ring mail of Untruth {rC- Int+3 Dex+5}
                  | (You found it on level 8 of the Dungeon)
  7316 | D:8      | Killed an unseen horror
  7645 | D:8      | Reached *** piety under Okawaru
  7698 | D:8      | Found a staircase to the Lair.
  7743 | D:8      | Found Efrunt's Book Boutique.
  8099 | D:9      | Noticed Prince Ribbit
  8101 | D:9      | Noticed Erolcha
  8110 | D:9      | Killed Prince Ribbit
  8116 | D:9      | Killed Erolcha
  8116 | D:9      | Reached **** piety under Okawaru
  8116 | D:9      | Reached skill level 10 in Fighting
  8232 | D:9      | Noticed a two-headed ogre
  8242 | D:9      | Demolished by a two-headed ogre

Skill      XL: |  1  2  3  4  5  6  7  8  9 10 |
---------------+-------------------------------+-----
Maces & Flails | 3 4 5 7 8 9 |  9.5
Fighting       | 4 5 6 7 8 10 | 10.1
Shields        | 4 5 6 7 |  7.6
Armour         | 4 5 6 7 |  7.5
Invocations    | 2 4 |  4.5

Action                   |  1- 3 |  4- 6 |  7- 9 | 10-12 || total
-------------------------+-------+-------+-------+-------++-------
Melee: Flail             |    94 |   273 |   594 |   155 ||  1116
       Morningstar       |       |       |       |    79 ||    79
  Use: Scroll            |     2 |     5 |    13 |     3 ||    23
       Potion            |       |     1 |     1 |       ||     2
  Eat: Chunk             |       |     7 |    10 |     8 ||    25
       Ration            |       |       |     1 |       ||     1
Armor: Scale mail        |    71 |   104 |   198 |    30 ||   403
       Plate armour      |       |       |   180 |   144 ||   324
       Chain mail        |       |       |     8 |       ||     8
Dodge: Dodged            |    32 |    59 |   133 |    35 ||   259
Block: Shield            |    40 |   153 |   363 |   127 ||   683
